 Dungeon Crawl Stone Soup version 0.28-a0-1128-gb845255321 (webtiles) character file.

Game seed: 12795914893411685409

371 BinkBink the Slasher (level 6, 0/52 HPs)
             Began as a Minotaur Monk on Dec 12, 2021.
             Was a Priest of Makhleb.
             Slain by a black bear (7 damage)
             ... on level 4 of the Dungeon.
             The game lasted 00:03:29 (2685 turns).

BinkBink the Slasher (Minotaur Monk)                Turns: 2685, Time: 00:03:30

Health: 0/52       AC:  2    Str: 16    XL:     6   Next: 42%
Magic:  5/5        EV: 13    Int:  7    God:    Makhleb [***...]
Gold:   140        SH:  0    Dex: 14    Spells: 5/5 levels left

rFire   . . .      SeeInvis .   a - +0 falchion
rCold   . . .      Faith    .   (no shield)
rNeg    . . .      Spirit   .   b - +0 robe
rPois   .          Reflect  .   (helmet restricted)
rElec   .          Harm     .   (no cloak)
rCorr   .          Rampage  .   (no gloves)
Will    +....                   (no boots)
Stlth   +.........              q - amulet of regeneration
HPRegen 0.97/turn               o - ring of willpower
MPRegen 0.09/turn               (no ring)

@: confused, ambrosia-drunk
A: horns 2, retaliatory headbutt
a: Renounce Religion, Minor Destruction, Lesser Servant of Makhleb


You were on level 4 of the Dungeon.
You worshipped Makhleb.
Makhleb was most pleased with you.
You visited 1 branch of the dungeon, and saw 4 of its levels.

You collected 140 gold pieces.

Inventory:

Hand Weapons
 a - a +0 falchion (weapon)
Armour
 b - a +0 robe (worn)
 f - a +0 plate armour
Jewellery
 i - an amulet of magic regeneration
 o - a ring of willpower (left hand)
 q - an amulet of regeneration (around neck)
Scrolls
 c - 4 scrolls of identify {unknown}
 h - 2 scrolls of amnesia {unknown}
 j - 2 scrolls of magic mapping {unknown}
 k - a scroll of teleportation {unknown}
 l - a scroll of fog {unknown}
 p - a scroll of brand weapon {unknown}
Potions
 d - a potion of heal wounds {unknown}
 e - a potion of attraction {unknown}
 g - a potion of ambrosia
 m - a potion of curing {unknown}
 n - a potion of resistance {unknown}


   Skills:
 - Level 3.8 Fighting
 + Level 7.4 Long Blades
 * Level 4.0 Armour
 - Level 3.5 Dodging
 - Level 1.5 Stealth


You had 5 spell levels left.
You didn't know any spells.
Your spell library contained the following spells:

 Spells                   Type           Power      Damage    Failure   Level
 Slow                     Hex            0%         N/A       43%         1
 Call Canine Familiar     Summ           0%         N/A       80%         3
 Confusing Touch          Hex            0%         N/A       80%         3
 Portal Projectile        Hex/Tloc       0%         N/A       80%         3
 Vampiric Draining        Necr           0%         2d6       80%         3
 Leda's Liquefaction      Hex/Erth       0%         N/A       99%         4
 Borgnjor's Revivificati  Necr           0%         N/A       100%        8
 Necromutation            Tmut/Necr      0%         N/A       100%        8
 Death's Door             Necr           0%         N/A       100%        9


Dungeon Overview and Level Annotations

Branches:
Dungeon (4/15)
 Temple: D:4-7

Altars:
Makhleb
Sif Muna

Annotations:
D:3 3 runed translucent doors, ChaosChampion's ghost, amateur OpTm
D:4 1 runed translucent door, fly's ghost, amateur FoDe


Innate Abilities, Weirdness & Mutations

You have a pair of horns on your head.
You reflexively headbutt those who attack you in melee.


Message History

The black bear growls angrily.
You slash the black bear! You headbutt the black bear.
The black bear is heavily wounded.
The black bear bites you. The black bear claws you.
The black bear claws you but does no damage.
You hit the black bear.
The black bear is severely wounded.
The black bear misses you. The black bear claws you.
The black bear closely misses you.
You barely miss the black bear.
The black bear is severely wounded.
The black bear bites you!
The black bear claws you but does no damage.
The black bear claws you.
You hit the black bear.
The black bear is severely wounded.
The black bear bites you. The black bear claws you.
The black bear barely misses you.
You are too injured to fight recklessly!
You are too injured to fight recklessly!
You barely miss the black bear. You headbutt the black bear.
The black bear is almost dead.
The black bear goes berserk!
You closely miss the black bear. You headbutt the black bear.
The black bear is almost dead.
The black bear bites you!
* * * LOW HITPOINT WARNING * * *
The black bear claws you.
* * * LOW HITPOINT WARNING * * *
The black bear misses you.
You hit the black bear. Your headbutt misses the black bear.
The black bear is almost dead.
The black bear barely misses you. The black bear claws you.
* * * LOW HITPOINT WARNING * * *
The black bear closely misses you.
It was a potion of ambrosia.
You are confused.
You feel invigorated. The black bear closely misses you.
The black bear claws you!
You die...

#. ##........# #.
##........### #.
>+.......... .####
.#........# ....
.#........# #..
.#........# #h#
.#........# #@#
.#........# #.#
.#........######.#####.
...<....................
#.....##.#####.#.#######
.......#.#####.#######
#####.(#.#.....#r≈W≈≈≈
##.#)#.....+S≈≈≈w≈
#...#...#.#≈≈≈≈≈≈


You could see a black bear (berserk).

Vanquished Creatures
  An ogre (D:4)
  A necrophage (D:4)
  A scorpion (D:4)
  A bullfrog skeleton (D:4)
  Terence (D:3)
  5 adders
  An ufetubus (D:4)
  A dart slug (D:2)
  4 bats
  4 endoplasms
  3 giant cockroaches
  3 goblins
  4 hobgoblins
  4 quokkas
  5 ball pythons
  A frilled lizard (D:2)
  7 kobolds
  4 rats
51 creatures vanquished.

Notes
Turn   | Place    | Note
-------+----------+-------------------------------------------
     0 | D:1      | BinkBink the Minotaur Monk began the quest for the Orb.
     0 | D:1      | Reached XP level 1. HP: 19/19 MP: 0/0
   207 | D:1      | Reached XP level 2. HP: 27/27 MP: 1/1
   319 | D:1      | Reached skill level 1 in Armour
   321 | D:1      | Reached skill level 4 in Long Blades
   852 | D:2      | Found a shimmering blue altar of Sif Muna.
  1128 | D:2      | Reached XP level 3. HP: 32/33 MP: 2/2
  1622 | D:2      | Reached skill level 5 in Long Blades
  1667 | D:2      | Found a faded altar of an unknown god.
  1672 | D:2      | Prayed at the altar of an unknown god.
  1672 | D:2      | Became a worshipper of Makhleb the Destroyer
  1672 | D:2      | Reached * piety under Makhleb
  1672 | D:2      | Reached ** piety under Makhleb
  1763 | D:3      | Reached XP level 4. HP: 33/40 MP: 3/3
  1985 | D:3      | Found a runed translucent gate.
  1985 | D:3      | Found a runed translucent gate.
  1986 | D:3      | Found a runed translucent gate.
  2008 | D:3      | Noticed Terence
  2018 | D:3      | Killed Terence
  2402 | D:3      | Noticed ChaosChampion's ghost (amateur OpTm)
  2474 | D:4      | Noticed an ogre
  2480 | D:4      | Killed an ogre
  2481 | D:4      | Reached skill level 6 in Long Blades
  2481 | D:4      | Reached XP level 5. HP: 45/46 MP: 4/4
  2482 | D:4      | Reached *** piety under Makhleb
  2631 | D:4      | Noticed a necrophage
  2637 | D:4      | Killed a necrophage
  2638 | D:4      | Reached skill level 7 in Long Blades
  2638 | D:4      | Reached XP level 6. HP: 52/52 MP: 5/5
  2667 | D:4      | Found a runed translucent door.
  2669 | D:4      | Noticed fly's ghost (amateur FoDe)
  2685 | D:4      | Slain by a black bear

Illustrated notes

Levels and vault maps discovered:
D:1:      sevenhm_arrival_forest_fort_small_3, layout_rooms
D:2:      minmay_door_path, layout_rooms, basic_altar, basic_ecumenical_altar,
          ebering_dispersal_statue_hall
D:3:      layout_loops_ring, gammafunk_ghost_necromancy, uniq_terence
D:4:      kennysheep_goblin_castle, layout_basic, nemelex_spade_bored_becter,
          general_overflow_altar, ebering_ghost_sewer_f, uniq_blork_the_orc

Skill      XL: |  1  2  3  4  5  6 |
---------------+-------------------+-----
Armour         | 1 2 3 4 |  4.0
Long Blades    | 4 5 6 7 |  7.4
Fighting       | |  3.8
Dodging        | |  3.5
Stealth        | |  1.5

Action                   |  1- 3 |  4- 6 || total
-------------------------+-------+-------++-------
Melee: Falchion          |    66 |    46 ||   112
       Headbutt          |     9 |    14 ||    23
  Use: Potion            |       |     1 ||     1
 Stab: Sleeping          |     6 |     1 ||     7
Armor: Robe              |     6 |     9 ||    15
Dodge: Dodged            |    42 |    27 ||    69

Table legend: (Time is in decaauts)
 A = Elapsed time spent in this place.
 B = Non-inter-level travel time spent in this place.
 C = Inter-level travel time spent in this place.
 D = Time resting spent in this place.
 E = Time spent auto-exploring this place.
 F = Levels seen in this place.
 G = Mean time per level.
                   A        B        C        D        E       F      G
               +--------+--------+--------+--------+--------+-----+--------+
         Total |   2689 |   2638 |     51 |      0 |   2259 |   4 |  672.2 |
       Dungeon |   2689 |   2638 |     51 |      0 |   2259 |   4 |  672.2 |
               +--------+--------+--------+--------+--------+-----+--------+

Top non-repeatable levels by time:
     D:2: 882 daAuts
     D:1: 809 daAuts
     D:3: 745 daAuts
     D:4: 251 daAuts
